 Dungeon Crawl Stone Soup version 0.30-a0-760-g5a9884bb7c (webtiles) character file.

Game seed: 7276425563669786999

53 bmack86 the Shield-Bearer (level 3, 0/33 HPs)
             Began as a Minotaur Fighter on Feb 12, 2023.
             Slain by a gnoll
             ... wielding a +0 halberd
              (9 damage)
             ... on level 2 of the Dungeon.
             The game lasted 00:02:44 (822 turns).

bmack86 the Shield-Bearer (Minotaur Fighter)         Turns: 822, Time: 00:02:44

Health: 0/33       AC: 12    Str: 22    XL:     3   Next: 62%
Magic:  2/2        EV:  9    Int:  5    God:
Gold:   67         SH:  4    Dex:  9    Spells: 2/2 levels left

rFire   . . .      SeeInvis .    a - +0 war axe
rCold   . . .      Faith    .    c - +0 buckler
rNeg    . . .      Spirit   .    b - +0 scale mail
rPois   .          Reflect  .    (helmet restricted)
rElec   .          Harm     .    e - +0 cloak
rCorr   .          Rampage  .    (no gloves)
Will    .....                    (no boots) Stlth
                                 (no amulet)
HPRegen 0.25/turn                i - +4 ring of protection
MPRegen 0.08/turn                (no ring)

@: no status effects
A: horns 2, retaliatory headbutt
a: no special abilities


You were on level 2 of the Dungeon.
You visited 1 branch of the dungeon, and saw 2 of its levels.

You collected 67 gold pieces.

Inventory:

Hand Weapons
 a - a +0 war axe (weapon)
Missiles
 f - a throwing net
 l - a boomerang (quivered)
 n - 4 javelins
Armour
 b - a +0 scale mail (worn)
 c - a +0 buckler (worn)
 e - a +0 cloak (worn)
Jewellery
 i - a +4 ring of protection (left hand)
Scrolls
 g - a scroll of blinking {unknown}
 k - a scroll of vulnerability {unknown}
 m - a scroll of magic mapping {unknown}
 o - a scroll of torment {unknown}
 q - a scroll of identify {unknown}
Potions
 d - a potion of might
 h - a potion of attraction {unknown}
 j - a potion of curing {unknown}
 p - 2 potions of heal wounds {unknown}


   Skills:
 + Level 4.1 Fighting
 * Level 3.5 Axes
 + Level 0.3 Throwing
 + Level 4.0 Armour
 + Level 4.1 Shields


You had 2 spell levels left.
You didn't know any spells.
Your spell library contained the following spells:

 Spells                   Type           Power      Damage    Failure   Level
 Slow                     Hex            0%         N/A       87%         1
 Call Canine Familiar     Summ           0%         N/A       99%         3
 Confusing Touch          Hex            0%         N/A       99%         3
 Portal Projectile        Hex/Tloc       0%         N/A       99%         3
 Vampiric Draining        Necr           0%         2d6       99%         3
 Leda's Liquefaction      Hex/Erth       0%         N/A       100%        4
 Petrify                  Tmut/Erth      0%         N/A       100%        4
 Metabolic Englaciation   Hex/Ice        0%         N/A       100%        5
 Statue Form              Tmut/Erth      0%         N/A       100%        6


Dungeon Overview and Level Annotations

Branches:
Dungeon (2/15)

Altars:
Qazlal


Innate Abilities, Weirdness & Mutations

You have a pair of horns on your head.
You reflexively headbutt those who attack you in melee.


Message History

The adder poisons you!
You hit the adder. Your headbutt misses the adder.
The adder is almost dead.
You slash the gnoll!
You feel sick. The adder closely misses you. The gnoll barely misses you.
You block the adder's attack. The gnoll hits you but does no damage.
You writhe in agony.
You completely miss the adder.
The adder is almost dead.
You hit the gnoll but do no damage.
You feel sick. The adder bites you but does no damage.
You block the gnoll's attack. The adder bites you but does no damage.
You barely miss the adder.
The adder is almost dead.
You slash the gnoll!
You kill the gnoll!
You feel sick. The adder bites you.
Unknown command.
You closely miss the adder.
The adder is almost dead.
You hit the gnoll.
You feel sick. The adder bites you but does no damage.
The gnoll hits you from afar with a +0 halberd.
The gnoll hits you but does no damage. The adder bites you but does no damage.
The gnoll hits you from afar with a +0 halberd!
You block the gnoll's attack.
You feel sick.
You are no longer poisoned.
You block the adder's attack. The gnoll completely misses you.
The gnoll hits you but does no damage.
You slash the gnoll!
The gnoll is severely wounded.
You completely miss the adder.
The adder bites you but does no damage. x2
The gnoll hits you but does no damage. x2
You slash the gnoll!
You kill the gnoll!
You hit the adder.
You kill the adder!
The gnoll hits you from afar with a +0 halberd.
* * * LOW HITPOINT WARNING * * *
The gnoll hits you from afar with a +0 halberd!
You die...

#..#########.
#.......... ....#
#...#########...##
#...# .....
#...###.### #...#
#.<........ ...#
##.#.###.### #g.#
.........######†)#
##.#.#####......@#
#..............##
################


You could see a gnoll.

Vanquished Creatures
  2 gnolls (D:2)
  An adder (D:2)
  3 dart slugs (D:1)
  6 endoplasms
  A giant cockroach (D:1)
  4 goblins
  4 hobgoblins
  A quokka (D:1)
  4 ball pythons
  3 bats (D:1)
  5 frilled lizards
  A kobold (D:1)
  3 rats
38 creatures vanquished.

Notes
Turn   | Place    | Note
-------+----------+-------------------------------------------
     0 | D:1      | bmack86 the Minotaur Fighter began the quest for the Orb.
     0 | D:1      | Reached XP level 1. HP: 19/19 MP: 0/0
    82 | D:1      | Reached XP level 2. HP: 27/27 MP: 1/1
   374 | D:1      | Reached XP level 3. HP: 29/33 MP: 2/2
   632 | D:1      | Found a stormy altar of Qazlal.
   822 | D:2      | Slain by a gnoll

Illustrated notes

Levels and vault maps discovered:
D:1:      dpeg_arrival_lava_altar, layout_basic, minmay_misc_feat_encased
D:2:      layout_loops_ring, uniq_terence

Skill      XL: |  1  2  3 |
---------------+----------+-----
Axes           | 3 |  3.5
Armour         | 4 |  4.0
Shields        | 4 |  4.1
Fighting       | 4 |  4.1
Throwing       | |  0.3

Action                     || total
---------------------------++-------
  Melee: War axe           ||    63
         Headbutt          ||     4
  Throw: Boomerang         ||     8
 Armour: Scale mail        ||    39
  Dodge: Dodged            ||    34
  Block: Buckler           ||    20

Table legend: (Time is in decaauts)
 A = Elapsed time spent in this place.
 B = Non-inter-level travel time spent in this place.
 C = Inter-level travel time spent in this place.
 D = Time resting spent in this place.
 E = Time spent auto-exploring this place.
 F = Levels seen in this place.
 G = Mean time per level.
                   A        B        C        D        E       F      G
               +--------+--------+--------+--------+--------+-----+--------+
         Total |    846 |    835 |     11 |      0 |    467 |   2 |  423.0 |
       Dungeon |    846 |    835 |     11 |      0 |    467 |   2 |  423.0 |
               +--------+--------+--------+--------+--------+-----+--------+

Top non-repeatable levels by time:
     D:1: 659 daAuts
     D:2: 187 daAuts
